 Dungeon Crawl Stone Soup version 0.21-a0-70-g32e1473 (console) character file.

58 removed the Insei (level 3, 24/29 HPs)
             Began as a Demonspawn Monk on June 18, 2017.
             Was an Elder of Jiyva.
             Quit the game on level 2 of the Dungeon.
             The game lasted 00:01:20 (1031 turns).

removed the Insei (Demonspawn Monk)                 Turns: 1031, Time: 00:01:21

Health: 24/29      AC:  2    Str: 11    XL:     3   Next: 76%
Magic:  3/3        EV: 13    Int: 11    God:    Jiyva [****..]
Gold:   32         SH:  0    Dex: 16    Spells: 2/2 levels left

rFire    . . .     SeeInvis .     - Unarmed
rCold    . . .     Gourm    .   (no shield)
rNeg     . . .     Faith    .   a - +0 robe
rPois    .         Spirit   .   (no helmet)
rElec    .         Reflect  .   (no cloak)
rCorr    +         Harm     .   (no gloves)
MR       .....                  (no boots)
Stlth    +.........             (no amulet)
HPRegen  0.09/turn              k - ring of loudness (curse)
MPRegen  0.08/turn              (no ring)

@: no status effects
A: blink, sanguine armour 2
a: Blink, Request Jelly, Slimify, Renounce Religion


You were on level 2 of the Dungeon.
You worshipped Jiyva.
Jiyva was greatly pleased with you.
You were full.

You visited 1 branch of the dungeon, and saw 2 of its levels.

You collected 32 gold pieces.

Inventory:

Armour
 a - a +0 robe (worn)
 n - a +0 pair of boots
Jewellery
 k - a cursed ring of loudness (left hand)
Scrolls
 e - 2 scrolls of amnesia {unknown}
 j - 2 scrolls of identify {unknown}
 l - a scroll of magic mapping {unknown}
Potions
 c - a potion of mutation {unknown}
 f - a potion of heal wounds {unknown}
 g - 3 potions of curing {unknown}
 m - a potion of brilliance {unknown}
Comestibles
 b - a bread ration
 h - 2 royal jellies
 i - 2 chunks of flesh


   Skills:
 - Level 3.0 Fighting
 - Level 2.6 Dodging
 - Level 1.7 Stealth
 + Level 4.3 Unarmed Combat


You had 2 spell levels left.
You didn't know any spells.

Dungeon Overview and Level Annotations

Branches:
Dungeon (2/15)

Altars:
Yredelemnul
Jiyva

Annotations:
D:2 1 runed door


Innate Abilities, Weirdness & Mutations

When seriously injured, your bleeding wounds create thick armour. (AC +0)
You can translocate small distances at will.


Message History

The human skeleton is almost destroyed.
The human skeleton closely misses you.
You hit the human skeleton.
You destroy the human skeleton!
Your Unarmed Combat skill increases to level 4!
No target in view!
You hear a distant slurping noise.
You can now turn your foes to slime.
Jiyva appreciates your sacrifice.
Some of the chunks of flesh in your inventory have rotted away.
Your blood armour dries and flakes away.
Found an orange potion.
g - 3 orange potions (gained 1)
A bat comes into view.
A bat is nearby!
The bat closely misses you.
You closely miss the bat. The bat hits you but does no damage.
The bat closely misses you.
You barely miss the bat. The bat barely misses you. The bat closely misses you.
You hit the bat but do no damage. The bat closely misses you. The bat hits you.
Are you sure you want to abandon this character and quit the game? (Confirm with "yes".)

.......#####.###.#
............(..#.#
............(#...#
...J.........#####
.......#####.# #.. .......# #.#
#.# ###### .......# #.# #.#
#....# ############.# #b#
#.##.# #### #......#
#@#########.##.# ..<# #.###..#
#...........##.# #### #.# #..#
##############.# #J#
#..################.#
#######.###...................#
#............##################
#.############ ..# ..#


You could see a bat.

Vanquished Creatures
  A human skeleton (D:2)
  An adder (D:2)
  A worm (D:2)
  A leopard gecko (D:1)
  2 giant cockroaches
  3 goblins
  A hobgoblin (D:1)
  4 jackals (D:1)
  A kobold (D:2)
  A ball python (D:1)
  3 bats (D:2)
  2 rats (D:1)
21 creatures vanquished.

Vanquished Creatures (others)
  2 adders (D:2)
  4 gnolls (D:2)
  An ooze (D:2)
  A bat (D:2)
  A goblin (D:2)
  2 hobgoblins (D:2)
  A quokka (D:2)
  A frilled lizard (D:2)
  A kobold zombie (D:2)
  A rat (D:2)
15 creatures vanquished.

Grand Total: 36 creatures vanquished

Notes
Turn   | Place    | Note
-------+----------+-------------------------------------------
     0 | D:1      | removed the Demonspawn Monk began the quest for the Orb.
     0 | D:1      | Reached XP level 1. HP: 18/18 MP: 1/1
    60 | D:1      | Reached skill level 3 in Unarmed Combat
   357 | D:1      | Gained mutation: When seriously injured, your bleeding wounds create armour. (AC +0) [demonic ancestry]
   357 | D:1      | Reached XP level 2. HP: 23/24 MP: 2/2
   693 | D:2      | Found a faded altar of an unknown god.
   703 | D:2      | Became a worshipper of Jiyva Jyluzer the Shapeless
   703 | D:2      | Reached * piety under Jiyva
   703 | D:2      | Reached ** piety under Jiyva
   733 | D:2      | Reached *** piety under Jiyva
   820 | D:2      | Gained mutation: You can translocate small distances at will. [Jiyva's grace]
   845 | D:2      | Gained mutation: When seriously injured, your bleeding wounds create thick armour. (AC +0) [demonic ancestry]
   845 | D:2      | Reached XP level 3. HP: 20/29 MP: 3/3
   941 | D:2      | Found a runed door.
   941 | D:2      | Noticed a human
   944 | D:2      | Found a basalt altar of Yredelemnul.
   963 | D:2      | Reached skill level 4 in Unarmed Combat
   965 | D:2      | Reached **** piety under Jiyva
  1031 | D:2      | Quit the game

Vault maps used:
D:1:      onia_arrival_mini_spirals, kennysheep_another_room, st_stairs_8
D:2:      chequers_ecumenical_altar_simple, dk_yredelemnul_ordeal

Skill      XL: |  1  2  3 |
---------------+----------+-----
Unarmed Combat | 3 4 |  4.3
Fighting       | |  3.0
Dodging        | |  2.6
Stealth        | |  1.7

Action                   || total
-------------------------++-------
Melee: Unarmed           ||    93
       Punch             ||     2
 Stab: Sleeping          ||     1
Armor: Robe              ||    15
Dodge: Dodged            ||    59
